[Event "Titled Tuesday Blitz August 08 Late 2023"]
[White "Kobo, Ori"]
[Black "Principe, Alexander"]
[WhiteFideId "2812320"]
[BlackFideId "3804542"]
[WhiteElo "2742"]
[BlackElo "2575"]
[Result "1-0"]
[Round "6"]
[TimeControl "180+1"]
[Date "2023.08.08"]
[WhiteClock "0:00:13"]
[BlackClock "0:00:04"]
[Board "35"]

1. e4 e6 2. d3 d5 3. Nd2 c5 4. g3 Nc6 5. Bg2 Nge7 6. f4 g6 7. Ngf3 Bg7 8. O-O b6 9. e5 a5 10. Re1 Ba6 11. Nf1 Qd7 12. a3 h5 13. h3 Nf5 14. Kh2 Ncd4 15. Ng5 Bb5 16. Ne3 Bh6 17. Nxf5 Nxf5 18. c4 Bxg5 19. cxb5 Be7 20. a4 O-O-O 21. Bd2 Kb8 22. Rc1 Rc8 23. h4 Rc7 24. Bh3 Nd4 25. Bc3 Rhc8 26. Bg2 Qd8 27. Kh3 Nf5 28. Bf3 Bxh4 29. gxh4 Qxh4+ 30. Kg2 Qg3+ 31. Kf1 Qxf4 32. Bd2 Qh2 33. Bg2 h4 34. Qf3 Rh8 35. Qh3 Qg3 36. Qxg3 Nxg3+ 37. Kf2 Nf5 38. Rh1 Rcc8 39. Bg5 Rh5 40. Bf6 Rg8 41. Bf3 Rh7 42. Rcg1 Kc7 43. Rg4 Kd7 44. Rh3 Ke8 45. Rg5 Kd7 46. Rg1 Rc8 47. Bg4 Nd4 48. Rxh4 Rxh4 49. Bxh4 c4 50. dxc4 Rxc4 51. Bd1 Nf5 52. Bf6 Re4 53. Rh1 Rf4+ 54. Ke1 d4 55. Rh8 Ne3 56. Be2 Nf5 57. Rd8+ Kc7 58. Rf8 Re4 59. Rxf7+ Kc8 60. Kd2 Ng3 61. Rf8+ Kd7 62. Rf7+ Kc8 63. Bd3 Re3 64. Rf8+ Kd7 65. Rf7+ Kc8 66. Rg7 Nf5 67. Rg8+ Kd7 68. Rxg6 Rf3 69. Bxf5 Rxf5 70. Rg7+ Ke8 71. Kd3 Kf8 72. Rb7 Rf4 73. Rxb6 Kf7 74. Rb8 Kg6 75. b6 Kf5 76. b7 1-0


[Site "https://www.chess.com"]

[Event "Titled Tuesday Blitz August 08 Late 2023"]
[White "Papayan, Oleg"]
[Black "Prohaszka, Peter"]
[WhiteFideId "4193911"]
[BlackFideId "726265"]
[WhiteElo "2541"]
[BlackElo "2721"]
[Result "1/2-1/2"]
[Round "6"]
[TimeControl "180+1"]
[Date "2023.08.08"]
[WhiteClock "0:01:02"]
[BlackClock "0:00:24"]
[Board "36"]

1. e4 c6 2. Nc3 d5 3. Nf3 dxe4 4. Nxe4 Nf6 5. Qe2 Nxe4 6. Qxe4 Qa5 7. b4 Qf5 8. Qe3 Qxc2 9. Bd3 Qa4 10. a3 a5 11. Bb2 axb4 12. axb4 Qxa1+ 13. Bxa1 Rxa1+ 14. Ke2 Rxh1 15. Qe5 Na6 16. Bxa6 bxa6 17. Qb8 f6 18. Qxc8+ Kf7 19. Qxc6 Rb1 20. Nd4 Rxb4 21. Qe6+ Kg6 22. Qg4+ Kf7 23. Qe6+ Kg6 24. Qe4+ Kf7 25. Qe6+ 1/2-1/2


[Site "https://www.chess.com"]

[Event "Titled Tuesday Blitz August 08 Late 2023"]
[White "Loay, Sameer"]
[Black "Morefield, Jason"]
[WhiteFideId "8104239"]
[BlackFideId "30920825"]
[WhiteElo "2539"]
[BlackElo "2716"]
[Result "0-1"]
[Round "6"]
[TimeControl "180+1"]
[Date "2023.08.08"]
[WhiteClock "0:00:20"]
[BlackClock "0:00:08"]
[Board "37"]

1. Nf3 d5 2. g3 g6 3. Bg2 Bg7 4. d4 c6 5. O-O Nf6 6. c4 dxc4 7. a4 O-O 8. Na3 Bf5 9. Nxc4 Nbd7 10. Nfe5 Nxe5 11. Nxe5 Nd7 12. Nc4 Nb6 13. Nxb6 axb6 14. e4 Be6 15. Be3 Bc4 16. Re1 Qd7 17. b3 Be6 18. Rc1 Bg4 19. Qd2 Bh3 20. d5 Bxg2 21. Kxg2 cxd5 22. exd5 b5 23. Bc5 Rfd8 24. d6 exd6 25. Bb6 Rdc8 26. a5 Rxc1 27. Rxc1 Qe6 28. Qe3 Qf5 29. Qf3 Qxf3+ 30. Kxf3 Bh6 31. Rd1 Bf8 32. Ke4 Rc8 33. Kd5 b4 34. Re1 Rc3 35. Re8 Rxb3 36. Kc4 Rb1 37. Bd4 d5+ 38. Kxd5 Rd1 39. Kc4 Rc1+ 40. Kb3 f5 41. Rb8 Rc7 42. Be5 Rd7 43. Bf4 Kf7 44. Rc8 Bg7 45. Rc5 Bf8 46. Rb5 h6 47. Be3 g5 48. h4 Kg6 49. hxg5 hxg5 50. Rb6+ Kh5 51. f3 Rd3+ 52. Kc4 Rxe3 53. Rxb7 Rc3+ 54. Kd4 Rxf3 55. Rb5 Ra3 56. Rxf5 Kg4 57. Rxf8 Rxa5 58. Kc4 Rf5 59. Rg8 Kxg3 60. Kxb4 g4 61. Kc3 Re5 62. Kd4 Re7 63. Kd3 Kf3 64. Rf8+ Kg2 65. Rg8 g3 66. Rg4 Kf3 67. Rg8 g2 68. Rf8+ Kg3 69. Rg8+ Kf2 70. Rf8+ Kg1 71. Rg8 Re5 72. Kd2 Kf2 73. Rf8+ Kg3 74. Rg8+ Kf3 75. Kd1 Re4 0-1


[Site "https://www.chess.com"]

[Event "Titled Tuesday Blitz August 08 Late 2023"]
[White "szachmistrz2500"]
[Black "Weetik, Vjacheslav"]
[BlackFideId "4153472"]
[WhiteElo "2472"]
[BlackElo "2672"]
[Result "1-0"]
[Round "6"]
[TimeControl "180+1"]
[Date "2023.08.08"]
[WhiteClock "0:00:23"]
[BlackClock "0:00:00"]
[Board "38"]

1. d4 Nf6 2. Nf3 g6 3. c4 Bg7 4. Nc3 d6 5. e4 O-O 6. Be2 e5 7. O-O Na6 8. Re1 Bg4 9. Bg5 h6 10. Bh4 Bxf3 11. Bxf3 exd4 12. Qxd4 g5 13. Bg3 Nh5 14. Qd2 Nxg3 15. hxg3 Nc5 16. Bg4 c6 17. Rad1 Qb6 18. Kh2 Rad8 19. f4 gxf4 20. gxf4 Qb4 21. e5 dxe5 22. Qxd8 Rxd8 23. Rxd8+ Bf8 24. Rxe5 Qxb2 25. Rxc5 Qxc3 26. Re5 Kg7 27. Rd7 Qxc4 28. Rf5 Qxa2 29. Bh5 1-0


[Site "https://www.chess.com"]

[Event "Titled Tuesday Blitz August 08 Late 2023"]
[White "Martinez Alcantara, Jose Eduardo"]
[Black "brm72"]
[WhiteFideId "3805662"]
[WhiteElo "3029"]
[BlackElo "2529"]
[Result "1-0"]
[Round "6"]
[TimeControl "180+1"]
[Date "2023.08.08"]
[WhiteClock "0:01:45"]
[BlackClock "0:00:09"]
[Board "39"]

1. e4 c5 2. a3 d5 3. exd5 Qxd5 4. Nc3 Qd6 5. b4 Nc6 6. Nf3 Bg4 7. Be2 Nf6 8. h3 Bh5 9. O-O e6 10. Nb5 Qd8 11. bxc5 Bxc5 12. d4 Bb6 13. Bf4 O-O 14. Nd6 Qd7 15. Nc4 Bc7 16. Bg5 Nd5 17. Qd3 Nf4 18. Bxf4 Bxf4 19. c3 Bg6 20. Qd1 Rac8 21. a4 Rfd8 22. Bd3 Bb8 23. Bxg6 hxg6 24. Ne3 Ne7 25. Qb3 Nd5 26. c4 Nf4 27. Rfe1 Qe7 28. Rad1 Qf6 29. Qxb7 g5 30. Qe4 g6 31. g3 Nh5 32. Kg2 Kg7 33. d5 Re8 34. d6 Red8 35. Ng4 Qf5 36. Qd4+ Kh7 37. Re5 Qc2 38. Nxg5+ Kg8 39. Nh6+ Kf8 40. Rxe6 Ng7 41. Re7 1-0


[Site "https://www.chess.com"]

[Event "Titled Tuesday Blitz August 08 Late 2023"]
[White "Tari, Aryan"]
[Black "Przybylski, Wojciech"]
[WhiteFideId "1510045"]
[BlackFideId "1117599"]
[WhiteElo "2897"]
[BlackElo "2563"]
[Result "1-0"]
[Round "6"]
[TimeControl "180+1"]
[Date "2023.08.08"]
[WhiteClock "0:00:39"]
[BlackClock "0:00:05"]
[Board "40"]

1. d4 d5 2. Nf3 Nf6 3. Bf4 c6 4. e3 Bg4 5. Nbd2 Nbd7 6. c4 e6 7. Qb3 Qb6 8. c5 Qxb3 9. axb3 Bxf3 10. Nxf3 a6 11. h3 Be7 12. b4 O-O 13. Nd2 Nh5 14. Bh2 f5 15. g4 Nhf6 16. Rg1 g6 17. f3 Rfe8 18. Nb3 Kf7 19. Na5 Ra7 20. Kd2 Bd8 21. Nb3 e5 22. gxf5 gxf5 23. b5 cxb5 24. Bxb5 Re6 25. Bd3 e4 26. Bc2 Ra8 27. Raf1 a5 28. fxe4 fxe4 29. Nc1 a4 30. Ne2 b6 31. Nf4 bxc5 32. Nxe6 Kxe6 33. dxc5 Nxc5 34. Ke2 Be7 35. Rg5 Ncd7 36. Ra1 h6 37. Rgg1 Nc5 38. Bf4 h5 39. b4 Ncd7 40. Bxa4 Nb6 41. Bc6 Rxa1 42. Rxa1 Bxb4 43. Ra6 Bc5 44. Bc7 Nbd7 45. Bxd7+ Kxd7 46. Rxf6 Kxc7 47. Rf5 Kc6 48. Rxh5 d4 49. exd4 Bxd4 50. Rg5 Kd6 51. h4 Ke6 52. h5 Bf6 53. Rg8 Bd4 54. h6 Kf7 55. h7 Bh8 56. Rxh8 Kg7 57. Re8 Kxh7 58. Re6 1-0


[Site "https://www.chess.com"]

[Event "Titled Tuesday Blitz August 08 Late 2023"]
[White "Khanin, Semen"]
[Black "Keleberda, Tymur"]
[WhiteFideId "4111990"]
[BlackFideId "14174294"]
[WhiteElo "2871"]
[BlackElo "2555"]
[Result "1-0"]
[Round "6"]
[TimeControl "180+1"]
[Date "2023.08.08"]
[WhiteClock "0:01:11"]
[BlackClock "0:00:08"]
[Board "41"]

1. e4 c5 2. Nf3 d6 3. d4 cxd4 4. Nxd4 Nf6 5. c3 a6 6. Bd3 e5 7. Ne2 b5 8. O-O Bb7 9. Ng3 g6 10. a4 bxa4 11. Qxa4+ Nbd7 12. Bc4 h5 13. Qb3 Nc5 14. Bxf7+ Ke7 15. Qa2 h4 16. b4 hxg3 17. bxc5 gxh2+ 18. Kh1 d5 19. Bxg6 Bh6 20. Ba3 Bc6 21. Nd2 Bf4 22. Nf3 Qg8 23. exd5 Nxd5 24. Be4 Rc8 25. Rfe1 Nxc3 26. Qxg8 Rhxg8 27. Bxc6 Rxc6 28. g3 Bh6 29. Nxe5 Re6 30. c6+ Kd8 31. Nf7+ 1-0


[Site "https://www.chess.com"]

[Event "Titled Tuesday Blitz August 08 Late 2023"]
[White "Ibarra Jerez, Jose Carlos"]
[Black "ArtemDyachuk"]
[WhiteFideId "2226332"]
[WhiteElo "2848"]
[BlackElo "2535"]
[Result "1-0"]
[Round "6"]
[TimeControl "180+1"]
[Date "2023.08.08"]
[WhiteClock "0:00:04"]
[BlackClock "0:00:00"]
[Board "42"]

1. e4 c6 2. Nf3 d5 3. d3 Qc7 4. exd5 cxd5 5. c4 dxc4 6. dxc4 Nc6 7. Nc3 Bf5 8. Nd5 Qd8 9. Bf4 Rc8 10. Qa4 e6 11. Nc3 a6 12. Be2 Qb6 13. O-O-O Bc5 14. Nh4 Bg6 15. Nxg6 hxg6 16. Ne4 Nf6 17. Nd6+ Bxd6 18. Bxd6 Qxf2 19. Bf3 Ne4 20. Qa3 Ng5 21. Rhf1 Qh4 22. Be2 Ne4 23. Bf4 Qe7 24. Qe3 f5 25. Bf3 Qc5 26. Qxc5 Nxc5 27. Rfe1 Nb4 28. a3 Nbd3+ 29. Kc2 Nxf4 30. Rf1 Nh5 31. b4 Ne4 32. Kb3 Ke7 33. Rde1 Nhf6 34. Re2 Rhd8 35. Rc1 Rd3+ 36. Kb2 Rd2+ 37. Rxd2 Nxd2 38. Bxb7 Rxc4 39. Rd1 Nde4 40. Bxa6 Rc7 41. b5 Nd5 42. a4 Nec3 43. Ra1 Ra7 44. Kb3 Ne4 45. a5 Kd6 46. Kc4 Nc5 47. b6 Rxa6 48. Kb5 Ra8 49. Rc1 Rb8 50. Rxc5 e5 51. Rc6+ Kd7 52. a6 e4 53. a7 Ra8 54. b7 1-0


[Site "https://www.chess.com"]

[Event "Titled Tuesday Blitz August 08 Late 2023"]
[White "Shtembuliak, Evgeny"]
[Black "Hnydiuk, Aleksander"]
[WhiteFideId "14113325"]
[BlackFideId "1109057"]
[WhiteElo "2817"]
[BlackElo "2532"]
[Result "0-1"]
[Round "6"]
[TimeControl "180+1"]
[Date "2023.08.08"]
[WhiteClock "0:00:04"]
[BlackClock "0:00:17"]
[Board "43"]

1. e4 e5 2. Nf3 Nc6 3. Bc4 Bc5 4. d4 exd4 5. Ng5 Nh6 6. Nxf7 Nxf7 7. Bxf7+ Kxf7 8. Qh5+ g6 9. Qxc5 d5 10. O-O dxe4 11. c3 Qd6 12. Qxd6 cxd6 13. cxd4 Nxd4 14. Nc3 Bf5 15. Bh6 Rhd8 16. Rad1 Ne6 17. h3 g5 18. g4 Bg6 19. Rfe1 Nf4 20. h4 Nd3 21. h5 Nxe1 22. Rxe1 d5 23. Bxg5 Rg8 24. hxg6+ Rxg6 25. f4 h6 26. Nxd5 hxg5 27. f5 Rd6 28. Nc3 Re8 29. Nxe4 Kg7 30. Kf2 Rd4 31. Kf3 Re5 32. Re2 Kf8 33. Re3 a5 34. b3 b5 35. Re2 a4 36. bxa4 Rxa4 37. Re3 Kg7 38. a3 Kf8 39. f6 Kg8 40. f7+ Kf8 41. Re2 Rxa3+ 42. Kf2 Ra4 43. Kf3 Raxe4 44. Rxe4 Rxe4 45. Kxe4 Kxf7 46. Kd5 Kf6 0-1


[Site "https://www.chess.com"]

[Event "Titled Tuesday Blitz August 08 Late 2023"]
[White "reevecanada"]
[Black "Riehle, Marco"]
[BlackFideId "12904392"]
[WhiteElo "2532"]
[BlackElo "2797"]
[Result "1-0"]
[Round "6"]
[TimeControl "180+1"]
[Date "2023.08.08"]
[WhiteClock "0:01:42"]
[BlackClock "0:01:34"]
[Board "44"]

1. e4 e5 2. Nf3 Nc6 3. d4 exd4 4. Nxd4 Nf6 5. Nxc6 dxc6 6. Qxd8+ Kxd8 7. Nd2 Bc5 8. Be2 Ke7 9. O-O Rd8 10. e5 Ng4 11. Ne4 Bb6 12. Bxg4 Bxg4 13. Bg5+ f6 14. exf6+ Kf7 15. fxg7 Rd5 16. Bf6 Re8 17. Rfe1 Rg8 18. h4 h6 19. c4 Rf5 20. Bc3 a5 21. Kh2 Bxf2 22. Nxf2 Rxf2 23. Kg3 Rc2 24. Kxg4 Rxg2+ 25. Kh3 Rc2 26. h5 Rxc3+ 27. bxc3 Rxg7 28. Re3 Rg5 29. Rf1+ Kg8 30. Rg3 1-0


[Site "https://www.chess.com"]

[Event "Titled Tuesday Blitz August 08 Late 2023"]
[White "Grossboss19"]
[Black "Bauman_Guy"]
[WhiteElo "2529"]
[BlackElo "2796"]
[Result "0-1"]
[Round "6"]
[TimeControl "180+1"]
[Date "2023.08.08"]
[WhiteClock "0:00:02"]
[BlackClock "0:00:57"]
[Board "45"]

1. c4 Nf6 2. g3 g6 3. Bg2 Bg7 4. d4 O-O 5. Nc3 d6 6. Nf3 Nbd7 7. O-O e5 8. dxe5 dxe5 9. Nd2 c6 10. b3 Qc7 11. Bb2 Rd8 12. Qc2 Nc5 13. Nde4 Nfxe4 14. Nxe4 Bf5 15. g4 Bxe4 16. Bxe4 Nxe4 17. Qxe4 Rd7 18. Rad1 Rad8 19. Rxd7 Qxd7 20. Bc3 Qe6 21. h3 f5 22. Qg2 e4 23. gxf5 Qxf5 24. Bxg7 Kxg7 25. Qg3 Rd7 26. f3 Re7 27. Qh4 Qf6 28. Qxf6+ Kxf6 29. fxe4+ Ke5 30. Kf2 Kd4 31. Rd1+ Kxe4 32. Rd6 Rf7+ 33. Ke1 Ke5 34. Rd3 g5 35. Rg3 Kf5 36. Rf3+ Kg6 37. Kf2 Rxf3+ 38. Kxf3 h5 39. Ke4 Kf6 40. c5 a5 41. a3 Ke6 42. b4 a4 43. Kf3 Kf5 44. Ke3 Ke5 45. Kf3 Kd4 46. Kf2 Ke4 47. e3 g4 48. h4 Kd3 49. Kg3 Kxe3 50. Kg2 Kd4 0-1


[Site "https://www.chess.com"]

[Event "Titled Tuesday Blitz August 08 Late 2023"]
[White "Zirkelbach, Maj"]
[Black "Tejedor Fuente, Enrique"]
[WhiteFideId "14613395"]
[BlackFideId "2299100"]
[WhiteElo "2567"]
[BlackElo "2739"]
[Result "1-0"]
[Round "6"]
[TimeControl "180+1"]
[Date "2023.08.08"]
[WhiteClock "0:00:12"]
[BlackClock "0:00:03"]
[Board "46"]

1. d4 Nf6 2. c4 e6 3. Nf3 c5 4. d5 exd5 5. cxd5 d6 6. Nc3 g6 7. Bf4 Bg7 8. Qa4+ Kf8 9. h3 Na6 10. e3 Nc7 11. Qb3 Rb8 12. a4 b6 13. Nd2 Nh5 14. Bh2 Bb7 15. Be2 Qg5 16. Bxd6+ Kg8 17. Bxc7 Qxg2 18. Bf3 Qg5 19. Bxb8 h6 20. h4 Qf5 21. Bxa7 Kh7 22. Bxb6 c4 23. Qxc4 Rc8 24. Qe4 Qf6 25. Bd4 Qd6 26. Bxh5 f5 27. Qd3 Bxd4 28. Bxg6+ Qxg6 29. Qxd4 f4 30. Qe4 fxe3 31. Qxg6+ Kxg6 32. fxe3 Ba6 33. O-O-O Kf5 34. e4+ Ke5 35. Nf3+ Kf4 36. Nd4 Bc4 37. Rde1 Ke5 38. Nc6+ Kd6 39. e5+ Kc5 40. e6 Bd3 41. e7 Bg6 42. Rhg1 Bh5 43. Rgf1 Kd6 44. Rf8 Be8 45. Re6+ Kc5 46. Rxh6 Kc4 47. Rhh8 Kb3 48. Rxe8 Rc7 49. Rb8+ Kc4 50. Rb4+ Kc5 51. Rb5+ Kc4 52. e8=Q Rxc6 53. Qe4# 1-0


[Site "https://www.chess.com"]

[Event "Titled Tuesday Blitz August 08 Late 2023"]
[White "Jimenez Martinez, Jose Vicente"]
[Black "Sam, Gabriel"]
[WhiteFideId "2264021"]
[BlackFideId "75000776"]
[WhiteElo "2731"]
[BlackElo "2525"]
[Result "0-1"]
[Round "6"]
[TimeControl "180+1"]
[Date "2023.08.08"]
[WhiteClock "0:00:04"]
[BlackClock "0:00:06"]
[Board "47"]

1. d4 Nf6 2. c4 e6 3. Nc3 Bb4 4. Qc2 O-O 5. a3 Bxc3+ 6. Qxc3 b5 7. cxb5 c6 8. e3 cxb5 9. Bxb5 Bb7 10. Nf3 Ne4 11. Qc2 Qa5+ 12. Bd2 Qxb5 13. a4 Qa6 14. b4 Rc8 15. Qb3 Bd5 16. Qb1 Qc4 17. Ne5 Qc2 18. Qxc2 Rxc2 19. Rd1 Bb3 20. Rc1 Rxc1+ 21. Bxc1 Bxa4 22. f3 Nf6 23. Bd2 Nc6 24. Nd3 Bb5 25. Nc5 d6 26. Nb7 Ne8 27. Kf2 Rb8 28. Na5 Nxa5 29. bxa5 Bc4 30. Rc1 d5 31. Bc3 Nd6 32. g4 Rb3 33. h4 Nb5 34. Be1 Rb2+ 35. Kg3 h6 36. e4 Nxd4 37. Ra1 Ne2+ 38. Kh3 g5 39. hxg5 hxg5 40. Bf2 dxe4 41. fxe4 Nf4+ 42. Kg3 Rb3+ 43. Kh2 Rh3+ 44. Kg1 Bd3 45. Bxa7 Bxe4 46. Ra4 Bd5 47. Bb6 Nd3 48. Kf1 Rh1+ 49. Ke2 Nf4+ 50. Kd2 Rb1 51. Bd4 Kh7 52. a6 Rb8 53. a7 Ra8 54. Be5 Kg6 55. Bb8 Bf3 56. Ke3 Bxg4 57. Ke4 Bh3 58. Bxf4 gxf4 59. Kxf4 Kf6 60. Ra3 Bf5 61. Ra5 Ke7 62. Ke5 f6+ 63. Kf4 Kd6 64. Ra6+ Kd7 65. Ra3 Kc7 66. Rg3 Rxa7 67. Rg7+ Kb6 68. Rg8 Ra4+ 69. Kf3 Kc6 70. Rf8 Be4+ 71. Kf4 Bd5+ 72. Ke3 f5 73. Rd8 Kc7 74. Rf8 Kd6 75. Rb8 Ke5 76. Rb2 Ra3+ 77. Kf2 Ra2 78. Ke3 Rxb2 79. Kd3 Rb3+ 80. Ke2 Rf3 0-1


[Site "https://www.chess.com"]

[Event "Titled Tuesday Blitz August 08 Late 2023"]
[White "Do Valle Cardoso, Lucas"]
[Black "Hansen, Torbjorn Ringdal"]
[WhiteFideId "2163144"]
[BlackFideId "1501720"]
[WhiteElo "2726"]
[BlackElo "2522"]
[Result "1-0"]
[Round "6"]
[TimeControl "180+1"]
[Date "2023.08.08"]
[WhiteClock "0:00:09"]
[BlackClock "0:00:00"]
[Board "48"]

1. e4 e5 2. Nf3 Nc6 3. d4 exd4 4. Bc4 Nf6 5. e5 d5 6. Bb5 Ne4 7. Nxd4 a6 8. Nxc6 Qh4 9. g3 Nxg3 10. Qxd5 Nxh1 11. Be3 axb5 12. Nc3 Bd7 13. Nd4 c6 14. Qxh1 Bb4 15. O-O-O Bxc3 16. bxc3 O-O 17. Kb2 Be6 18. a3 Qe7 19. Ra1 Bd5 20. Qg1 Qxe5 21. Nxc6 bxc6 22. Bd4 Qxd4 23. cxd4 Rfe8 24. Re1 g6 25. h4 h5 26. Re5 Rxe5 27. dxe5 Ra4 28. Qg5 Rc4 29. f4 Be6 30. Qf6 Bf5 31. c3 Be6 32. Qd8+ Kh7 33. Qd2 Kg8 34. Qe3 Kh7 35. Kc1 Kg8 36. Kd2 Kh7 37. Ke1 Kg8 38. Kf2 Kh7 39. Kg3 Kg8 40. Kf2 Bd5 41. Qd2 Kh7 42. Ke1 Ra4 43. f5 Re4+ 44. Kd1 Rxe5 45. fxg6+ fxg6 46. Qf4 Rf5 47. Qc7+ Kh6 48. Qd8 Kg7 49. Qe7+ Rf7 50. Qe5+ Kg8 51. Kd2 Rf5 52. Qe8+ Kg7 53. Qe7+ Kg8 54. Qe8+ Kg7 55. Qd7+ Kg8 56. Qd8+ Kf7 57. Ke3 1-0


[Site "https://www.chess.com"]

[Event "Titled Tuesday Blitz August 08 Late 2023"]
[White "Rakotomaharo, Fy Antenaina"]
[Black "Chor, Kevin"]
[WhiteFideId "13100050"]
[BlackFideId "2090740"]
[WhiteElo "2721"]
[BlackElo "2520"]
[Result "1-0"]
[Round "6"]
[TimeControl "180+1"]
[Date "2023.08.08"]
[WhiteClock "0:00:26"]
[BlackClock "0:00:13"]
[Board "49"]

1. c4 Nf6 2. Nc3 c5 3. Nf3 Nc6 4. d4 cxd4 5. Nxd4 g6 6. g3 Bg7 7. Bg2 O-O 8. O-O d6 9. Nxc6 bxc6 10. Bxc6 Rb8 11. Qa4 a5 12. Nb5 Bg4 13. Bf3 Bxf3 14. exf3 d5 15. Rd1 Qe8 16. Qxa5 dxc4 17. a4 Qc6 18. Nd4 Qd7 19. Qe1 Rfd8 20. Bf4 e5 21. Bxe5 Re8 22. Nb5 Qf5 23. f4 Ng4 24. Bxb8 Rxe1+ 25. Rxe1 Bxb2 26. Rad1 Qc2 27. Ba7 c3 28. Bd4 Qb3 29. Re8# 1-0


[Site "https://www.chess.com"]

[Event "Titled Tuesday Blitz August 08 Late 2023"]
[White "chess123456s"]
[Black "Korchmar, Vasiliy"]
[BlackFideId "24131750"]
[WhiteElo "2520"]
[BlackElo "2719"]
[Result "0-1"]
[Round "6"]
[TimeControl "180+1"]
[Date "2023.08.08"]
[WhiteClock "0:00:10"]
[BlackClock "0:00:05"]
[Board "50"]

1. d4 d5 2. c4 c6 3. Nf3 Nf6 4. Nc3 e6 5. e3 Nbd7 6. Qc2 Bd6 7. b3 O-O 8. Bd3 b6 9. O-O Bb7 10. Bb2 Rc8 11. e4 dxc4 12. bxc4 e5 13. d5 Nc5 14. Rac1 Qe7 15. Rfd1 Nxd3 16. Qxd3 cxd5 17. Nxd5 Bxd5 18. cxd5 Nd7 19. Qe3 Bc5 20. Qe2 Qd6 21. Nh4 g6 22. Nf3 Rfe8 23. Nd2 Qf6 24. Nc4 Rc7 25. Ne3 Rec8 26. d6 Rc6 27. Nd5 Qxd6 28. Nb4 Bxf2+ 29. Kxf2 Qxb4 30. Rxc6 Rxc6 31. Rxd7 Qc5+ 32. Kg3 Rf6 33. Rd5 Qe7 34. Bxe5 Re6 35. Qb2 f6 36. Bf4 Rxe4 37. Rd4 Re2 38. Qb3+ Kg7 39. Qd3 g5 40. Rd7 gxf4+ 41. Kxf4 Re4+ 42. Kf5 Re5+ 43. Kf4 Re4+ 44. Kf3 Re3+ 45. Qxe3 Qxd7 46. h3 Qd5+ 47. Kg3 Qxa2 48. Qe7+ Qf7 49. Qb4 Qc7+ 50. Kf2 Qc5+ 51. Qxc5 bxc5 0-1


[Site "https://www.chess.com"]

[Event "Titled Tuesday Blitz August 08 Late 2023"]
[White "Domingo Nunez, Alejandro"]
[Black "carokannlover213"]
[WhiteFideId "22245561"]
[WhiteElo "2519"]
[BlackElo "2719"]
[Result "0-1"]
[Round "6"]
[TimeControl "180+1"]
[Date "2023.08.08"]
[WhiteClock "0:00:06"]
[BlackClock "0:00:07"]
[Board "51"]

1. Nf3 Nf6 2. g3 c5 3. Bg2 d5 4. O-O Nc6 5. d4 e6 6. c4 Be7 7. cxd5 exd5 8. dxc5 Bxc5 9. Nc3 h6 10. Bf4 O-O 11. Rc1 Bb6 12. Na4 Bc7 13. Bxc7 Qxc7 14. Qb3 Qe7 15. Nc5 Rb8 16. Rfe1 Bg4 17. Qa4 Rfc8 18. Nd4 a6 19. Nd3 Bd7 20. Nxc6 Bxc6 21. Qd4 Bb5 22. Nf4 Rxc1 23. Rxc1 Rd8 24. e3 Bc6 25. Rd1 Rd7 26. Bh3 Rd6 27. Bg2 Rd8 28. e4 Qe8 29. exd5 Ba4 30. b3 Bd7 31. h3 Qf8 32. d6 b5 33. Qb6 Bc8 34. Qc7 Nd7 35. Nd5 Kh8 36. Ne7 Nf6 37. Rc1 Be6 38. Bc6 Bd7 39. Bb7 Be6 40. Nc6 Rd7 41. Qb8 Qxb8 42. Nxb8 Rxb7 43. Nxa6 Rd7 44. Rd1 Ne8 45. Nc5 Rxd6 46. Re1 Rc6 47. Ne4 Nf6 48. Nd2 Kh7 49. Nf3 b4 50. Nd4 Ra6 51. Re2 Bd5 52. Rd2 Ra8 53. Nb5 Rc8 54. Nd6 Rc1+ 55. Kh2 Rh1# 0-1


[Site "https://www.chess.com"]

[Event "Titled Tuesday Blitz August 08 Late 2023"]
[White "Alex_Sahakyan2006"]
[Black "Willy, Stephen"]
[BlackFideId "30981468"]
[WhiteElo "2717"]
[BlackElo "2519"]
[Result "0-1"]
[Round "6"]
[TimeControl "180+1"]
[Date "2023.08.08"]
[WhiteClock "0:00:10"]
[BlackClock "0:00:07"]
[Board "52"]

1. e4 d5 2. exd5 Qxd5 3. Nc3 Qd6 4. d4 Nf6 5. Nf3 a6 6. Ne5 Nc6 7. Bf4 Qxd4 8. Nxc6 Qxd1+ 9. Rxd1 bxc6 10. Bxc7 Bd7 11. Bd3 Nd5 12. Nxd5 cxd5 13. c4 dxc4 14. Be4 Rc8 15. Bg3 Bc6 16. Bxc6+ Rxc6 17. O-O e6 18. Rd4 Bc5 19. Rg4 O-O 20. Rc1 Rfc8 21. Be5 g6 22. Kf1 Bf8 23. Rc3 Bg7 24. Bd4 f5 25. Rh4 g5 26. Bxg7 gxh4 27. Bf6 Rd6 28. Ke2 Rb8 29. Rxc4 Rd5 30. Rxh4 Kf7 31. Bc3 Kg6 32. f4 Rc8 33. Rh3 h5 34. Rg3+ Kh6 35. Re3 Rc6 36. Rg3 Rc4 37. Re3 Rc6 38. a3 Rcd6 39. Rg3 Rc6 40. Rg8 Rc4 41. g3 Re4+ 42. Kf2 Rc4 43. Rh8+ Kg6 44. Rg8+ Kh6 45. Re8 Rc6 46. Ke2 Rb6 47. Ra8 Rc6 48. Ra7 Rdc5 49. Rb7 Rb5 50. Rd7 Rd5 51. Rxd5 exd5 52. Kd3 Rc4 53. b3 Re4 54. Bd2 Kg6 55. Be3 Kf7 56. b4 Ke6 57. Bc5 Kd7 58. Bd4 Kc6 59. a4 Kb7 60. Bc5 a5 61. bxa5 Rxa4 62. Bb6 Kc6 63. h4 Kb5 64. Bd8 Kc5 65. Bb6+ Kc6 66. Kc3 Kb5 67. Kd3 Kc6 68. Bd8 Kc5 69. Bb6+ Kb5 70. Kc3 Ra3+ 71. Kd4 Rxg3 72. Kxd5 Rg4 73. Ke5 Rxh4 74. Kxf5 Rh1 75. Kg5 h4 76. f5 h3 77. Bc7 h2 78. Kf6 Ka6 79. Kf7 Rf1 80. Bxh2 Rxf5+ 81. Ke6 Rxa5 82. Bd6 Kb5 83. Kd5 Ra1 84. Be5 Rd1+ 85. Ke4 Kc4 86. Bf4 Re1+ 87. Kf3 Kd3 88. Bg3 Rf1+ 89. Kg2 Ke2 90. Bh2 Ra1 91. Bg1 Ra8 92. Kh1 Rf8 93. Bh2 Kf3 94. Bg1 Kg3 95. Bh2+ Kh3 96. Bg1 Rg8 97. Bh2 Rg2 98. Bg1 Re2 99. Bd4 Kg3 100. Bg1 Kf3 101. Bh2 Kf2 102. Bg1+ Kf1 103. Bh2 Rg2 104. Bf4 Rg4 105. Bh2 Kf2 106. Be5 Re4 107. Bh2 Re1+ 108. Bg1+ Rxg1+ 0-1


[Site "https://www.chess.com"]

[Event "Titled Tuesday Blitz August 08 Late 2023"]
[White "Ansh M Shah"]
[Black "Papasimakopoulos, Alexandros"]
[WhiteFideId "25033379"]
[BlackFideId "4244125"]
[WhiteElo "2518"]
[BlackElo "2704"]
[Result "1-0"]
[Round "6"]
[TimeControl "180+1"]
[Date "2023.08.08"]
[WhiteClock "0:00:19"]
[BlackClock "0:01:37"]
[Board "53"]

1. d4 e6 2. c4 Nf6 3. g3 c5 4. Nf3 cxd4 5. Nxd4 Bb4+ 6. Bd2 Bxd2+ 7. Qxd2 d5 8. cxd5 Qxd5 9. Nf3 Nc6 10. Bg2 O-O 11. Nc3 Qh5 12. O-O e5 13. Qg5 Be6 14. Qxh5 Nxh5 15. Ng5 Bd7 16. Nge4 Rad8 17. Rfd1 Nf6 18. Nxf6+ gxf6 19. Rd2 Be6 20. Rad1 Rxd2 21. Rxd2 Rc8 22. a3 Kf8 23. e3 Ke7 24. Bd5 Rd8 25. Kf1 f5 26. Ke2 Rc8 27. Bxe6 fxe6 28. Rc2 e4 29. Kd2 Rd8+ 30. Ke2 Ne5 31. Nb5 a6 32. Rc7+ Kf6 33. Nd4 b5 34. Rxh7 Nf3 35. Nxf3 exf3+ 36. Kxf3 Rd2 37. Ra7 Rd6 38. h4 e5 39. Ke2 e4 40. f3 exf3+ 41. Kxf3 Re6 42. b3 Kg6 43. a4 bxa4 44. bxa4 Kf6 45. a5 Kg6 46. Rb7 Re5 47. Rb6+ Kh5 48. Rxa6 Rb5 49. Ra8 Rb1 50. a6 Rf1+ 51. Kg2 Ra1 52. a7 1-0


[Site "https://www.chess.com"]

[Event "Titled Tuesday Blitz August 08 Late 2023"]
[White "Kozusek, Daniel"]
[Black "Skvortsov, Andrei"]
[WhiteFideId "349500"]
[BlackFideId "24108600"]
[WhiteElo "2517"]
[BlackElo "2702"]
[Result "1-0"]
[Round "6"]
[TimeControl "180+1"]
[Date "2023.08.08"]
[WhiteClock "0:00:48"]
[BlackClock "0:01:16"]
[Board "54"]

1. d4 g6 2. c4 Bg7 3. Nf3 e6 4. Nc3 Ne7 5. e4 d5 6. cxd5 exd5 7. e5 Nd7 8. h4 f6 9. e6 Nf8 10. h5 Nxe6 11. h6 Bf8 12. Bd3 c6 13. Qe2 Qb6 14. Be3 Bd7 15. O-O-O O-O-O 16. Kb1 Qc7 17. Rc1 Kb8 18. Qd2 Qb6 19. Na4 Qc7 20. Nc5 Nc8 21. Rhe1 Bxc5 22. dxc5 Ka8 23. Nd4 Rhe8 24. Qc3 Ne7 25. Nxe6 Bxe6 26. Bd4 Ng8 27. Bxf6 Rc8 28. Be5 Qf7 29. Qa5 Nxh6 30. Rc3 Bf5 31. Qxa7+ 1-0


[Site "https://www.chess.com"]